[Event "Titled Tuesday Blitz April 4 Early 2023"]
[White "Ehlvest, Jaan"]
[Black "Cherniaiev, Tykhon"]
[WhiteFideId "4500016"]
[BlackFideId "14182360"]
[WhiteElo "2442"]
[BlackElo "2450"]
[Result "1/2-1/2"]
[Round "07"]
[TimeControl "180+2"]
[Date "2023.04.04"]
[WhiteClock "0:00:09"]
[BlackClock "0:00:06"]

1. e4 e5 2. Nf3 Nc6 3. Bb5 Nf6 4. O-O Nxe4 5. Re1 Nd6 6. a4 Be7 7. Nc3 O-O 8. d4 a6 9. Bf1 e4 10. Nxe4 Nxe4 11. Rxe4 d5 12. Re1 Bf6 13. c3 Be6 14. Bf4 Re8 15. a5 Qd7 16. Qd2 Bf5 17. Ne5 Nxe5 18. dxe5 Be7 19. Rad1 Rad8 20. Be3 c5 21. f4 Qc7 22. b4 Rd7 23. h3 d4 24. cxd4 cxd4 25. Bf2 Red8 26. Rc1 Qb8 27. g4 Be6 28. Bd3 Bd5 29. f5 Bf8 30. Bg3 Re8 31. Kh2 Qd8 32. Rf1 Bc6 33. Qf2 Rd5 34. Rce1 Bxb4 35. Re2 Bxa5 36. e6 f6 37. Rc2 Bc7 38. g5 Bxg3+ 39. Qxg3 Qd6 40. gxf6 Qxg3+ 41. Kxg3 gxf6 42. Kf4 Re5 43. Rg1+ Kf8 44. Rg4 Re3 45. Rg3 Rxg3 46. Kxg3 Ke7 47. Kf4 Rd8 48. Be4 Bxe4 49. Kxe4 d3 50. Rd2 b5 51. Rxd3 Rxd3 52. Kxd3 a5 53. Kd4 a4 54. Kc3 a3 55. Kb3 b4 56. h4 h5 57. Ka2 Kd6 58. Kb3 Ke7 59. Ka2 Kd6 60. Kb3 Ke7 1/2-1/2


[Site "https://www.chess.com"]

[Event "Titled Tuesday Blitz April 4 Early 2023"]
[White "Gabdrakhmanov, Azat"]
[Black "Oleksiyenko, Mykhaylo"]
[WhiteFideId "34189197"]
[BlackFideId "4152417"]
[WhiteElo "2306"]
[BlackElo "2551"]
[Result "1-0"]
[Round "07"]
[TimeControl "180+2"]
[Date "2023.04.04"]
[WhiteClock "0:00:04"]
[BlackClock "0:00:03"]

1. e4 c5 2. Nf3 Nc6 3. d4 cxd4 4. Nxd4 e5 5. Nb5 d6 6. N1c3 a6 7. Na3 Be6 8. Be2 b5 9. Nd5 Be7 10. c4 b4 11. Nc2 a5 12. O-O Nf6 13. Qd3 O-O 14. Be3 Rb8 15. Rfd1 Rc8 16. f3 Bxd5 17. cxd5 Nb8 18. Rdc1 Nh5 19. a3 Nf4 20. Bxf4 exf4 21. axb4 axb4 22. Kh1 Qb6 23. Qb5 Qxb5 24. Bxb5 Rc5 25. Nd4 Bf6 26. Rxc5 dxc5 27. Nb3 Bxb2 28. Rb1 Ba3 29. Nxc5 Rc8 30. Nd3 Rc3 31. h4 b3 32. e5 b2 33. Nxb2 Rb3 34. Rc1 Rxb5 35. Rc8+ Bf8 36. Nc4 Rxd5 37. Rxb8 Rc5 38. Nd6 Rxe5 39. Ne4 f6 40. Kh2 Kf7 41. Kh3 Be7 42. Rb7 Kg6 43. Kg4 f5+ 44. Kxf4 Re6 45. h5+ Kxh5 46. Kxf5 Rf6+ 47. Nxf6+ Bxf6 48. g4+ Kh6 49. f4 1-0


[Site "https://www.chess.com"]

[Event "Titled Tuesday Blitz April 4 Early 2023"]
[White "Mendez Fortes, Eduardo Jesus"]
[Black "Levitskiy, Andrey"]
[WhiteFideId "3502376"]
[BlackFideId "14132885"]
[WhiteElo "2307"]
[BlackElo "2341"]
[Result "0-1"]
[Round "07"]
[TimeControl "180+2"]
[Date "2023.04.04"]
[WhiteClock "0:00:04"]
[BlackClock "0:00:07"]

1. e4 e6 2. d4 d5 3. Nd2 c5 4. exd5 Qxd5 5. Ngf3 cxd4 6. Bc4 Qd6 7. O-O Nf6 8. Nb3 Nc6 9. Nbxd4 Nxd4 10. Nxd4 a6 11. Re1 Qc7 12. Qe2 h6 13. c3 Bd7 14. Be3 Bd6 15. h3 O-O 16. Rad1 Rad8 17. Bb3 Rfe8 18. Nf3 Bb5 19. Qc2 Bc6 20. Nd4 Be4 21. Qc1 b5 22. Bc2 Bxc2 23. Qxc2 Bh2+ 24. Kh1 Bf4 25. Bxf4 Qxf4 26. Qe2 Rd5 27. Nf3 Red8 28. Rd4 Rxd4 29. Nxd4 Rd5 30. a4 e5 31. Nc6 Rd2 32. Qxe5 Qxf2 33. Rg1 bxa4 34. Nb4 Rxb2 35. Nd3 Qe2 36. Qf5 Rd2 37. Qc8+ Kh7 38. Qf5+ Kg8 39. Qc8+ Qe8 40. Qxa6 Ne4 41. Rb1 Rxd3 42. Qa7 Rd7 43. Qa5 Rd8 44. Kg1 Nf6 45. Rf1 Ra8 46. Qb4 a3 47. Ra1 a2 48. Kh1 Qa4 49. Qb2 Ne4 50. Kg1 Qa3 51. Qc2 Qxc3 52. Qxe4 Qxa1+ 53. Kh2 Rf8 54. Qa4 Qb1 0-1


[Site "https://www.chess.com"]

[Event "Titled Tuesday Blitz April 4 Early 2023"]
[White "Sousa, Andre Ventura"]
[Black "Kosteniuk, Alexandra"]
[WhiteFideId "1917617"]
[BlackFideId "4128125"]
[WhiteElo "2348"]
[BlackElo "2453"]
[Result "1/2-1/2"]
[Round "07"]
[TimeControl "180+2"]
[Date "2023.04.04"]
[WhiteClock "0:00:16"]
[BlackClock "0:00:07"]

1. d4 f5 2. Nf3 Nf6 3. h3 d5 4. Bf4 c6 5. e3 e6 6. Be2 Bd6 7. Ne5 O-O 8. c4 Ne4 9. Nc3 Nd7 10. Nxe4 Bxe5 11. Nc3 Bxf4 12. exf4 Qc7 13. g3 Nf6 14. O-O Rd8 15. Rc1 Qb6 16. Na4 Qc7 17. b4 Qe7 18. Nc5 b6 19. Nd3 dxc4 20. Ne5 Bb7 21. Bxc4 Rd6 22. Re1 Rad8 23. Qb3 Ne4 24. Rcd1 b5 25. Bd3 Rxd4 26. Bxe4 fxe4 27. Rxd4 Rxd4 28. Rd1 Rd5 29. a3 c5 30. bxc5 Qxc5 31. Re1 Rd6 32. Rb1 a6 33. a4 Bd5 34. Qb4 Qxb4 35. Rxb4 Rb6 36. Nd7 Rd6 37. Ne5 Rb6 38. Nd7 Rb7 39. Nc5 Rb6 40. Nd7 1/2-1/2


[Site "https://www.chess.com"]

[Event "Titled Tuesday Blitz April 4 Early 2023"]
[White "Horak, Martin"]
[Black "Ezat, Mohamed"]
[WhiteFideId "367095"]
[BlackFideId "10600906"]
[WhiteElo "2091"]
[BlackElo "2386"]
[Result "0-1"]
[Round "07"]
[TimeControl "180+2"]
[Date "2023.04.04"]
[WhiteClock "0:00:03"]
[BlackClock "0:00:44"]

1. e4 c6 2. Ne2 d5 3. e5 c5 4. d4 Nc6 5. c3 Bf5 6. Qb3 Rb8 7. dxc5 Bxb1 8. Rxb1 e6 9. Be3 Nh6 10. Nd4 Ng4 11. Nxc6 bxc6 12. Qa4 Nxe3 13. Qxc6+ Qd7 14. Qxd7+ Kxd7 15. fxe3 Bxc5 16. Kd2 Bb6 17. Bd3 Bc7 18. e4 dxe4 19. Bxe4 Bxe5 20. g3 h5 21. Rhe1 Ke7 22. Re2 h4 23. g4 h3 24. b4 Rhc8 25. Rc1 Rc4 26. Kd3 Rbc8 27. Rec2 R4c7 28. c4 Rd8+ 29. Ke2 Rd4 30. Ke3 g5 31. Kf3 f5 32. gxf5 exf5 33. Bd5 g4+ 34. Ke2 Bxh2 35. b5 Bf4 36. Rf1 Rxd5 37. Rxf4 Rxb5 38. Rd2 Re5+ 39. Kf2 Rd7 40. Rb2 Kf6 41. Rb5 Rxb5 42. cxb5 Rd2+ 43. Kg3 Kg5 44. Rxg4+ fxg4 45. b6 Rg2# 0-1


[Site "https://www.chess.com"]

[Event "Titled Tuesday Blitz April 4 Early 2023"]
[White "Jessel, Stephen"]
[Black "Vakhidov, Shahzod"]
[WhiteFideId "628859"]
[BlackFideId "14205270"]
[WhiteElo "2268"]
[BlackElo "2212"]
[Result "1-0"]
[Round "07"]
[TimeControl "180+2"]
[Date "2023.04.04"]
[WhiteClock "0:01:01"]
[BlackClock "0:00:04"]

1. Nf3 Nf6 2. g3 g6 3. b4 Bg7 4. Bb2 a5 5. b5 c5 6. c4 d5 7. cxd5 O-O 8. a4 Qxd5 9. Bg2 Qh5 10. h3 Ne4 11. Bxg7 Kxg7 12. Qc2 Nf6 13. Qb2 Kg8 14. Nc3 Qh6 15. Rc1 Nbd7 16. d3 Nb6 17. Nd2 Rd8 18. Qa3 Qxd2+ 19. Kxd2 Nc4+ 20. Kc2 Nxa3+ 21. Kb2 Nc4+ 22. dxc4 Rd2+ 23. Rc2 Rxc2+ 24. Kxc2 Bf5+ 25. e4 Be6 26. e5 Nd7 27. Bxb7 Rb8 28. Bd5 Nxe5 29. Re1 Bf5+ 30. Kb3 Nd3 31. Rxe7 1-0


[Site "https://www.chess.com"]

[Event "Titled Tuesday Blitz April 4 Early 2023"]
[White "Domingo Nunez, Ruben"]
[Black "Orlov, Georgi"]
[WhiteFideId "22245570"]
[BlackFideId "2011271"]
[WhiteElo "2404"]
[BlackElo "2569"]
[Result "0-1"]
[Round "07"]
[TimeControl "180+2"]
[Date "2023.04.04"]
[WhiteClock "0:00:03"]
[BlackClock "0:00:56"]

1. c4 Nf6 2. Nc3 Nc6 3. e4 e5 4. Nf3 Bb4 5. d3 Bxc3+ 6. bxc3 d6 7. h3 O-O 8. Be2 a6 9. O-O b5 10. cxb5 axb5 11. Re1 Be6 12. d4 Nxe4 13. Qc2 f5 14. Bxb5 Na5 15. dxe5 Nb3 16. axb3 Rxa1 17. Nd4 Bc8 18. Nc6 Qh4 19. Rf1 dxe5 20. Nxe5 Be6 21. c4 Rfa8 22. Bb2 Rxf1+ 23. Kxf1 Qf4 24. Nd3 Qh2 25. Ne1 Qf4 26. Bc6 Rd8 27. Nf3 Rd2 28. Bxe4 Rxc2 29. Bxc2 Qd6 30. Ke2 h6 31. Be5 Qc5 32. Bd4 Qa3 33. Ne5 f4 34. f3 Qa2 35. Kd2 Bf5 36. Nd3 g5 37. Be5 c6 38. Bd4 Qa5+ 39. Bc3 Qd8 40. Ke2 Qe7+ 41. Kd2 Qe3+ 42. Kd1 Bxd3 0-1


[Site "https://www.chess.com"]

[Event "Titled Tuesday Blitz April 4 Early 2023"]
[White "TimGrutter03"]
[Black "Piesik, Piotr"]
[BlackFideId "1136194"]
[WhiteElo "2557"]
[BlackElo "2299"]
[Result "1-0"]
[Round "07"]
[TimeControl "180+2"]
[Date "2023.04.04"]
[WhiteClock "0:00:15"]
[BlackClock "0:00:45"]

1. e4 g6 2. d4 Bg7 3. Nc3 c6 4. h3 d6 5. Be3 Nf6 6. Qd2 Nbd7 7. O-O-O e5 8. f4 Qe7 9. fxe5 dxe5 10. d5 cxd5 11. exd5 a6 12. Nf3 O-O 13. d6 Qd8 14. Bc4 b5 15. Bb3 Bb7 16. Rhf1 e4 17. Ng5 Ne5 18. Qf2 h6 19. Bd4 Qe8 20. Bxe5 Qxe5 21. Nxf7 Rxf7 22. d7 Rd8 23. Qb6 Qb8 24. Rxf6 Bxf6 25. Qxf6 Rf8 26. d8=Q Qxd8 27. Rxd8 1-0


[Site "https://www.chess.com"]

[Event "Titled Tuesday Blitz April 4 Early 2023"]
[White "Eynullayev, Atilla"]
[Black "Darini, Pouria"]
[WhiteFideId "13413570"]
[BlackFideId "12502200"]
[WhiteElo "2181"]
[BlackElo "2482"]
[Result "1-0"]
[Round "07"]
[TimeControl "180+2"]
[Date "2023.04.04"]
[WhiteClock "0:00:26"]
[BlackClock "0:00:03"]

1. d4 Nf6 2. c4 e6 3. Nc3 Bb4 4. e3 O-O 5. Bd3 b6 6. Nf3 Bb7 7. Bd2 Bxc3 8. Bxc3 Ne4 9. Bxe4 Bxe4 10. d5 c5 11. h4 f6 12. Nd2 Bd3 13. Qf3 f5 14. dxe6 Nc6 15. Qd5 dxe6 16. Qxc6 Qe7 17. O-O-O Rad8 18. f4 Rd6 19. Qf3 Rfd8 20. Rh3 b5 21. cxb5 a6 22. Rg3 g6 23. h5 axb5 24. hxg6 h6 25. Qh5 b4 26. Be5 Rd5 27. Qxh6 Rxe5 28. fxe5 b3 29. Qh7+ Qxh7 30. gxh7+ Kh8 31. Nxb3 1-0


[Site "https://www.chess.com"]

[Event "Titled Tuesday Blitz April 4 Early 2023"]
[White "Mortazavi, Ali"]
[Black "Gold_Ocean"]
[WhiteFideId "401323"]
[WhiteElo "2339"]
[BlackElo "2652"]
[Result "1-0"]
[Round "07"]
[TimeControl "180+2"]
[Date "2023.04.04"]
[WhiteClock "0:01:31"]
[BlackClock "0:01:07"]

1. Nf3 d5 2. g3 Nd7 3. Bg2 e5 4. d3 Ngf6 5. O-O Be7 6. Nc3 d4 7. Nb1 O-O 8. c3 c5 9. Nbd2 Rb8 10. a4 a6 11. Nc4 b5 12. axb5 axb5 13. Ncxe5 Nxe5 14. Nxe5 Be6 15. Nc6 Qd7 16. Ra7 Rb7 17. Nxe7+ Qxe7 18. Rxb7 Qd6 19. Bf4 Qa6 20. Qa1 Ba2 21. cxd4 cxd4 22. Rb8 Qa4 23. Rxf8+ Kxf8 24. Rc1 g6 25. Rc8+ Kg7 26. Ra8 Qb3 27. Qxa2 Qd1+ 28. Bf1 Ng4 29. Qd5 Qe1 30. Qxd4+ f6 31. Qd7# 1-0


[Site "https://www.chess.com"]

[Event "Titled Tuesday Blitz April 4 Early 2023"]
[White "Andreev, Konstantin"]
[Black "Belov, Alexei"]
[WhiteFideId "24239305"]
[BlackFideId "4128206"]
[WhiteElo "2106"]
[BlackElo "2628"]
[Result "0-1"]
[Round "07"]
[TimeControl "180+2"]
[Date "2023.04.04"]
[WhiteClock "0:01:11"]
[BlackClock "0:00:27"]

1. e4 e6 2. d4 d5 3. Nc3 Nf6 4. e5 Ne4 5. Nxe4 dxe4 6. Bc4 a6 7. a4 b6 8. Ne2 Bb7 9. Nf4 Be7 10. Be3 Nc6 11. O-O O-O 12. c3 Bg5 13. Qe2 Bxf4 14. Bxf4 Ne7 15. Bb3 c5 16. Rad1 cxd4 17. Rxd4 Qc7 18. Bc2 Rfd8 19. Rfd1 Rxd4 20. Rxd4 Rd8 21. Bxe4 Rxd4 22. cxd4 Bxe4 23. Qxe4 Nd5 24. Bd2 Qc4 25. h3 Qxa4 26. Qh4 h6 27. Qd8+ Kh7 28. Bc3 Qd1+ 29. Kh2 Qe2 30. Kg1 Qe4 31. Qa8 b5 32. Qb7 Nxc3 33. bxc3 Qxb7 0-1


[Site "https://www.chess.com"]

[Event "Titled Tuesday Blitz April 4 Early 2023"]
[White "Sreyas Payyappat"]
[Black "Kollars, Dmitrij"]
[WhiteFideId "46674969"]
[BlackFideId "12909572"]
[WhiteElo "2083"]
[BlackElo "2584"]
[Result "0-1"]
[Round "07"]
[TimeControl "180+2"]
[Date "2023.04.04"]
[WhiteClock "0:00:04"]
[BlackClock "0:00:52"]

1. e4 e5 2. Nf3 Nc6 3. Bc4 Nf6 4. d4 exd4 5. e5 Ne4 6. O-O Be7 7. Re1 d5 8. Bb5 O-O 9. Bxc6 bxc6 10. Nxd4 Bd7 11. f3 Ng5 12. f4 Ne4 13. Nd2 c5 14. N4f3 Bf5 15. Nxe4 Bxe4 16. Be3 d4 17. Bf2 Qd5 18. c3 d3 19. Re3 c4 20. Qe1 Bg6 21. Nd4 c5 22. Nf3 a5 23. g4 f5 24. exf6 Bxf6 25. f5 Bf7 26. Qd2 Rae8 27. Rae1 Rxe3 28. Rxe3 h6 29. Bh4 Bxh4 30. Nxh4 a4 31. Nf3 Rb8 32. Ne5 Re8 33. Nxf7 Kxf7 34. Rxe8 Kxe8 35. Kf2 Kf7 36. Ke3 Qe5+ 37. Kf3 h5 38. h3 h4 39. b3 cxb3 40. axb3 a3 41. Qxd3 Qg3+ 42. Ke4 Qxd3+ 43. Kxd3 a2 44. Kc4 a1=Q 45. Kxc5 Qxc3+ 0-1


[Site "https://www.chess.com"]

[Event "Titled Tuesday Blitz April 4 Early 2023"]
[White "Francisco Guecamburu, Candela Be"]
[Black "Gharibyan, Mamikon"]
[WhiteFideId "160911"]
[BlackFideId "13308300"]
[WhiteElo "2326"]
[BlackElo "2445"]
[Result "0-1"]
[Round "07"]
[TimeControl "180+2"]
[Date "2023.04.04"]
[WhiteClock "0:00:09"]
[BlackClock "0:00:57"]

1. e4 e5 2. Nf3 Nc6 3. Bb5 a6 4. Ba4 Nf6 5. d3 b5 6. Bb3 Bc5 7. c3 d6 8. Bg5 h6 9. Bh4 g5 10. Bg3 Bb6 11. Nbd2 Kf8 12. Nf1 Kg7 13. Qe2 Nh5 14. Nxe5 Nxg3 15. Nxc6 Nxe2 16. Nxd8 Nf4 17. Nxf7 Nxd3+ 18. Kd2 Nxf2 19. Nxh8 Nxh1 20. Ne3 Nf2 21. Nf7 Nxe4+ 22. Ke2 c6 23. Rf1 Ra7 24. Nf5+ Bxf5 25. Rxf5 Re7 26. Kd1 Bc7 27. Bc2 d5 28. Bxe4 dxe4 29. Nxh6 Kxh6 30. Rf6+ Kh5 31. Rxc6 Bxh2 32. Rxa6 Kg4 33. Rb6 Rd7+ 34. Ke2 Bf4 35. Rxb5 Rd2+ 36. Ke1 Rxg2 37. a4 Kf3 38. Kd1 e3 0-1


[Site "https://www.chess.com"]

[Event "Titled Tuesday Blitz April 4 Early 2023"]
[White "Maksimovic, Bojan"]
[Black "Hirneise, Jens"]
[WhiteFideId "14408120"]
[BlackFideId "24614734"]
[WhiteElo "2468"]
[BlackElo "2345"]
[Result "1/2-1/2"]
[Round "07"]
[TimeControl "180+2"]
[Date "2023.04.04"]
[WhiteClock "0:01:18"]
[BlackClock "0:00:46"]

1. e4 d5 2. exd5 Qxd5 3. Nc3 Qa5 4. d4 Nf6 5. Nf3 c6 6. Bc4 Bf5 7. Bd2 e6 8. Nd5 Qd8 9. Nxf6+ gxf6 10. O-O Bd6 11. Re1 O-O 12. Nh4 Bg6 13. c3 Re8 14. Qf3 Nd7 15. g3 f5 16. Nxg6 hxg6 17. h4 Nf6 18. Kg2 Kg7 19. Bg5 Be7 20. a4 a5 21. Rad1 Rh8 22. Bf4 Nd5 23. Bc1 Bf6 24. Rh1 Rh5 25. Be2 Rh7 26. Qd3 Nb6 27. Bf3 Nxa4 28. c4 Nb6 29. Qb3 a4 30. Qb4 Be7 31. c5 Nd5 32. Qxb7 Qc8 33. Qxc8 Rxc8 34. Rd3 Rb8 35. Ra3 Rb4 36. Rd1 Bf6 37. Rad3 Rh8 38. Kf1 Rhb8 39. Kg2 Rb3 40. Kf1 Rxd3 41. Rxd3 Rb4 42. Bd1 Rxd4 43. Rxd4 Bxd4 44. Bxa4 Bxc5 45. Bxc6 Nb4 46. Bb5 Bd4 47. Ke2 Na2 48. Be3 Bxb2 49. Kd3 Nb4+ 50. Ke2 Nd5 51. Bd2 Nc3+ 52. Bxc3+ Bxc3 53. f4 Bb4 54. Kf3 Be1 55. Ba4 Kf6 56. Bb3 Ke7 57. Bc4 Kf6 58. Bb3 Kg7 59. Bc4 Kf6 60. Bb3 1/2-1/2


[Site "https://www.chess.com"]

[Event "Titled Tuesday Blitz April 4 Early 2023"]
[White "Iliaguev, Nisim"]
[Black "Gurevich, Dmitry"]
[WhiteFideId "2817276"]
[BlackFideId "2000407"]
[WhiteElo "2241"]
[BlackElo "2506"]
[Result "0-1"]
[Round "07"]
[TimeControl "180+2"]
[Date "2023.04.04"]
[WhiteClock "0:00:54"]
[BlackClock "0:00:23"]

1. d4 Nf6 2. g3 c5 3. Nf3 b6 4. Bg2 Bb7 5. O-O cxd4 6. Qxd4 g6 7. e4 d6 8. e5 dxe5 9. Qxd8+ Kxd8 10. Nxe5 Bxg2 11. Kxg2 Ke8 12. c4 Nbd7 13. Bf4 Nh5 14. Nxd7 Nxf4+ 15. gxf4 Kxd7 16. Nc3 Bg7 17. Rad1+ Ke8 18. Nd5 Rc8 19. b3 e6 20. Rfe1 h5 21. Kf3 Kf8 22. Ne3 Bf6 23. Rd7 a6 24. Rb7 b5 25. cxb5 axb5 26. Rxb5 Kg7 27. Rd1 Rc7 28. a4 Ra8 29. a5 Raa7 30. b4 Rc3 31. Rb1 Ra3 32. Kg2 Rc7 33. Rb8 Bd4 34. Kf3 Rcc3 35. Re1 Rcb3 36. Ke4 Ba7 37. Rb7 Rxa5 38. Nc4 Ra4 39. Rd1 Rbxb4 40. Rxb4 Rxb4 41. Kd3 Bxf2 42. Rf1 Bc5 43. Ne5 Bd6 0-1


[Site "https://www.chess.com"]

[Event "Titled Tuesday Blitz April 4 Early 2023"]
[White "Kowalczyk, Pawel"]
[Black "Tifferet, Shaked"]
[WhiteFideId "1130641"]
[BlackFideId "2811529"]
[WhiteElo "2324"]
[BlackElo "2142"]
[Result "1-0"]
[Round "07"]
[TimeControl "180+2"]
[Date "2023.04.04"]
[WhiteClock "0:02:27"]
[BlackClock "0:01:07"]

1. f4 e6 2. Nf3 b6 3. g3 Bb7 4. Bg2 h5 5. O-O Bc5+ 6. d4 Be7 7. c4 Nf6 8. Nc3 Ne4 9. Qc2 Nxc3 10. bxc3 Nc6 11. e4 Na5 12. f5 Nxc4 13. fxe6 fxe6 14. e5 d5 15. Qg6+ Kd7 16. Bh3 Qg8 17. Ng5 Bxg5 18. Rf7+ Qxf7 19. Qxf7+ Be7 20. Qxe6+ Kd8 21. Qd7# 1-0


[Site "https://www.chess.com"]

[Event "Titled Tuesday Blitz April 4 Early 2023"]
[White "UNSTOPPABLE_LEGEND"]
[Black "Sokolovsky, Yahli"]
[BlackFideId "2820242"]
[WhiteElo "2513"]
[BlackElo "2316"]
[Result "0-1"]
[Round "07"]
[TimeControl "180+2"]
[Date "2023.04.04"]
[WhiteClock "0:02:10"]
[BlackClock "0:00:18"]

1. e3 e5 2. a3 d5 3. Ne2 Nf6 4. Nec3 d4 5. Na2 Nc6 6. Be2 Bf5 7. O-O Bd6 8. d3 Qe7 9. exd4 Nxd4 10. Nd2 O-O-O 11. Nc3 Bc5 12. Nf3 Rhe8 13. Be3 e4 14. Nxd4 Bxd4 15. Bxd4 Rxd4 16. Re1 exd3 17. Bxd3 Qxe1+ 18. Qxe1 Rxe1+ 19. Rxe1 Bxd3 20. Rd1 Nd5 21. Nxd5 Rxd5 22. Rxd3 Rxd3 23. cxd3 Kd7 24. Kf1 Kd6 25. Ke2 Kd5 26. Ke3 c5 27. f4 f5 28. a4 b6 29. h3 h5 30. h4 g6 31. g3 a6 32. b3 b5 33. a5 c4 34. b4 c3 35. d4 c2 36. Kd2 Kxd4 37. Kxc2 Kc4 0-1


[Site "https://www.chess.com"]

[Event "Titled Tuesday Blitz April 4 Early 2023"]
[White "TheKnightOfBosnia"]
[Black "Seemann, Jakub"]
[BlackFideId "21874697"]
[WhiteElo "2498"]
[BlackElo "2364"]
[Result "0-1"]
[Round "07"]
[TimeControl "180+2"]
[Date "2023.04.04"]
[WhiteClock "0:00:04"]
[BlackClock "0:00:52"]

1. e4 e6 2. d4 d5 3. Nd2 c5 4. Ngf3 cxd4 5. exd5 Qxd5 6. Bc4 Qd6 7. O-O Nf6 8. Nb3 Nc6 9. Nbxd4 Nxd4 10. Nxd4 a6 11. Re1 Qc7 12. Qe2 Be7 13. c3 O-O 14. Bb3 Bd7 15. Bg5 h6 16. Bh4 Rac8 17. Rad1 Rfe8 18. Bg3 Qa5 19. a3 Bf8 20. Bc2 Qh5 21. Qd3 e5 22. Ne2 Bb5 23. Qf5 Qxf5 24. Bxf5 Rcd8 25. Rxd8 Rxd8 26. Bxe5 Bxe2 27. h3 Bh5 28. c4 Bg6 29. Bxg6 fxg6 30. b4 a5 31. c5 axb4 32. axb4 Nd5 33. Rb1 Kf7 34. Bd4 Ke6 35. b5 Rc8 36. Re1+ Kd7 37. Re5 Nf6 38. g4 g5 39. Kg2 Ra8 40. Kg3 Ra4 41. Be3 Ra3 42. Kg2 Rb3 43. b6 Kc6 44. Re6+ Kd5 0-1


[Site "https://www.chess.com"]

[Event "Titled Tuesday Blitz April 4 Early 2023"]
[White "Itgelt, Khuyagtsogt"]
[Black "Bruedigam, Martin"]
[WhiteFideId "4902912"]
[BlackFideId "24608033"]
[WhiteElo "2227"]
[BlackElo "2331"]
[Result "1-0"]
[Round "07"]
[TimeControl "180+2"]
[Date "2023.04.04"]
[WhiteClock "0:00:40"]
[BlackClock "0:00:24"]

1. Nf3 d5 2. c4 d4 3. b4 f6 4. e3 e5 5. Bb2 Bxb4 6. exd4 exd4 7. Nxd4 Ne7 8. Be2 O-O 9. O-O c5 10. Nb3 Na6 11. a3 Ba5 12. Nxa5 Qxa5 13. Nc3 Be6 14. Re1 Qc7 15. Nb5 Qd7 16. d4 cxd4 17. Qxd4 Nc6 18. Qxd7 Bxd7 19. Rad1 Bf5 20. Nd6 Rab8 21. Nxf5 Nc5 22. Bf3 Na4 23. Ba1 Na5 24. Bd5+ Kh8 25. Nd6 h6 26. Re3 a6 27. Rde1 b5 28. cxb5 axb5 29. Re7 Nc5 30. h4 Nd3 31. Rd1 Nf4 32. Bf3 Ng6 33. Rc7 Ne5 34. Be2 Ng6 35. h5 Nf4 36. Bf3 Kg8 37. g3 Ne6 38. Bd5 1-0


[Site "https://www.chess.com"]

[Event "Titled Tuesday Blitz April 4 Early 2023"]
[White "Skliarov, Viktor"]
[Black "Miszler, Levente"]
[WhiteFideId "14106736"]
[BlackFideId "763276"]
[WhiteElo "2317"]
[BlackElo "2176"]
[Result "1/2-1/2"]
[Round "07"]
[TimeControl "180+2"]
[Date "2023.04.04"]
[WhiteClock "0:00:16"]
[BlackClock "0:00:53"]

1. e4 e6 2. d4 d5 3. e5 f6 4. Nf3 fxe5 5. Nxe5 Nf6 6. Bd3 c5 7. c3 Nc6 8. Nd2 cxd4 9. cxd4 Nxd4 10. Qa4+ Nc6 11. Nxc6 bxc6 12. Qxc6+ Bd7 13. Qa6 Qb6 14. Qxb6 axb6 15. Nf3 Bd6 16. Be3 Bc5 17. Ke2 Ke7 18. a3 Bxe3 19. Kxe3 Kd6 20. Ng5 Rhf8 21. f3 h6 22. Nh3 e5 23. Nf2 Rfc8 24. Rhc1 Rc5 25. Kd2 Rac8 26. b4 Rxc1 27. Rxc1 Rxc1 28. Kxc1 Nh5 29. g3 Nf6 30. Kd2 Bc6 31. Be2 e4 32. fxe4 dxe4 33. Ke3 Ke5 34. Ng4+ Nxg4+ 35. Bxg4 b5 36. Bh5 Bd7 37. Bg6 Bc6 38. h4 Bd5 39. Be8 Bc4 40. Bd7 g5 41. hxg5 hxg5 42. Be8 Bd3 43. Bc6 Bc4 44. Bxe4 Bd5 45. Bd3 Bc6 46. Be2 Bd7 47. Bf3 Be8 48. Be4 Bd7 49. Bd3 Be8 50. Be2 Bd7 51. Bd3 Be8 52. Be2 Bc6 53. Bd3 Bd7 54. Be2 Be8 55. Bd3 Bd7 56. Be2 Be8 1/2-1/2


[Site "https://www.chess.com"]

[Event "Titled Tuesday Blitz April 4 Early 2023"]
[White "Namitbir Singh Walia"]
[Black "Jakubowski, Krzysztof"]
[WhiteFideId "35071068"]
[BlackFideId "1112848"]
[WhiteElo "2239"]
[BlackElo "2359"]
[Result "1-0"]
[Round "07"]
[TimeControl "180+2"]
[Date "2023.04.04"]
[WhiteClock "0:00:06"]
[BlackClock "0:00:01"]

1. e4 c5 2. Nf3 e6 3. d4 cxd4 4. Nxd4 Nc6 5. Nb5 d6 6. c4 Nf6 7. N1c3 a6 8. Na3 b6 9. Be2 Bb7 10. Be3 Rb8 11. O-O Be7 12. Rc1 h5 13. f3 h4 14. Qd2 h3 15. g3 Nd7 16. Rfd1 g5 17. Nc2 Nce5 18. Nd4 Rc8 19. b3 Nc5 20. Qc2 Rg8 21. Kh1 g4 22. f4 Nxe4 23. Nxe4 f5 24. Kg1 Bxe4 25. Qb2 Nf7 26. c5 bxc5 27. Nxe6 Qb6 28. Bd3 Ba8 29. Ng7+ Rxg7 30. Qxg7 Qc6 31. Kf1 Qh1+ 32. Ke2 Qxh2+ 33. Bf2 Bf3+ 34. Ke3 Bf8 35. Qf6 d5 36. Rf1 d4+ 37. Kd2 Be7 38. Qg7 Bg2 39. Bxf5 Bxf1 40. Rxf1 Bf8 41. Qf6 Qg2 42. Ke1 Qf3 43. Qe6+ 1-0


[Site "https://www.chess.com"]

[Event "Titled Tuesday Blitz April 4 Early 2023"]
[White "Poliakova, Varvara"]
[Black "Przybylski, Wojciech"]
[WhiteFideId "13518313"]
[BlackFideId "1117599"]
[WhiteElo "2075"]
[BlackElo "2222"]
[Result "1-0"]
[Round "07"]
[TimeControl "180+2"]
[Date "2023.04.04"]
[WhiteClock "0:01:04"]
[BlackClock "0:00:09"]

1. e4 e5 2. d4 exd4 3. c3 d5 4. Qxd4 Nf6 5. Bg5 dxe4 6. Qxd8+ Kxd8 7. Nd2 Bf5 8. O-O-O Nd7 9. Bc4 Ke8 10. Ne2 h6 11. Bh4 g5 12. Bg3 c5 13. f3 Be7 14. Nxe4 Nxe4 15. fxe4 Be6 16. Bxe6 fxe6 17. Ng1 Nf6 18. Nf3 Nxe4 19. Rhe1 Nxg3 20. hxg3 g4 21. Ne5 Bg5+ 22. Kc2 h5 23. Ng6 Rh6 24. Rxe6+ Kf7 25. Rdd6 Rb8 26. Ne5+ Kg7 27. Rd7+ Kg8 28. Ng6 Rc8 29. Ne7+ Kf7 30. Rxh6 Re8 31. Rh7+ Ke6 32. Rxb7 Bxe7 33. Rhxe7+ Rxe7 34. Rxe7+ Kxe7 35. Kd3 Kd6 36. Kc4 Ke5 37. Kxc5 Ke4 38. Kb5 Ke3 39. c4 Kf2 40. c5 Kxg3 41. c6 h4 42. c7 Kxg2 43. c8=Q g3 44. Qc2+ Kf3 45. Qd1+ Kf2 46. Qg4 g2 47. Qxh4+ Kf1 48. Qf4+ Ke2 49. Qe4+ Kf2 50. Qf4+ Ke2 51. Qg3 Kf1 52. Qf3+ Kg1 53. Ka6 Kh2 54. Qxg2+ Kxg2 55. Kxa7 Kf3 56. b4 Ke4 57. b5 Kd5 58. b6 Kc4 59. b7 Kb4 60. b8=Q+ Ka5 61. Qe5+ Ka4 62. Kb6 Ka3 63. Kb5 Kxa2 64. Kb4 Kb1 65. Qh2 1-0


[Site "https://www.chess.com"]

[Event "Titled Tuesday Blitz April 4 Early 2023"]
[White "Shubenkova, Veronika"]
[Black "Munoz, Francisco Javier"]
[WhiteFideId "44124040"]
[BlackFideId "128368"]
[WhiteElo "2027"]
[BlackElo "2383"]
[Result "0-1"]
[Round "07"]
[TimeControl "180+2"]
[Date "2023.04.04"]
[WhiteClock "0:01:32"]
[BlackClock "0:00:15"]

1. e4 e5 2. Nf3 Nc6 3. Bb5 a6 4. Bxc6 dxc6 5. O-O f6 6. d4 exd4 7. e5 Bg4 8. exf6 Nxf6 9. Re1+ Be7 10. Qxd4 Bxf3 11. Qxd8+ Rxd8 12. gxf3 Kf7 13. Nc3 Rhe8 14. Bg5 h6 15. Bh4 g5 16. Bg3 Bd6 17. Rad1 Rxe1+ 18. Rxe1 Nd5 19. Ne4 Bf4 20. a3 b5 21. Nc5 a5 22. Kf1 a4 23. Ne6 Re8 24. Bxf4 Rxe6 25. Rxe6 Kxe6 26. Bd2 c5 27. Ke2 c4 28. Ba5 Kf5 29. Bd2 Nf4+ 30. Kf1 Ne6 31. Be3 Ke5 32. Kg2 c5 33. c3 Nf4+ 34. Kg3 Nd3 35. Kg4 Kd5 36. h4 gxh4 37. Bxh6 Nxb2 38. f4 Nd3 39. f5 b4 40. cxb4 cxb4 41. axb4 c3 42. f6 a3 43. f7 Ne5+ 44. Kxh4 Nxf7 45. b5 c2 46. b6 Kc6 47. Bc1 a2 0-1


[Site "https://www.chess.com"]